AoeStats
← Cartel

Arabia

508368346Analyzed
1v1 RM · 10d ago on Sep 22, 2026· 19m 36s· 2 players
Game mode
Random Map
Map size
Tiny (2 player)
Population
200
Speed
Normal
Resources
Standard
Victory
Conquest
Starting age
Dark Age
Ending age
Imperial Age
RankedLock teamsTeams togetherTeam positionsShared explorationLock speedFull tech treeHidden civsTurbo modeCheats
Victory
Defeat
🇹🇷 Vietnamese · Türkiye
1331
+15
🇺🇸 Bengalis · United States
1314
-15
HerrKommandant
3:35 Loom
11:12 Feudal Age
13:11 Man-at-Arms
15:09 Double-Bit Axe
17:32 Wheelbarrow
19:33 Fletching
Cartel
10:02 Feudal Age
11:02 Double-Bit Axe
10:45 Man-at-Arms
11:45 Loom
19:29 Castle Age
17:44 Arson
18:16 Fletching
18:24 Gold Mining
19:34 Padded Archer Armor
Connection lost

Rejoining the realm…

Still unreachable

The connection could not be restored.

Session expired

The server has moved on; the page needs a fresh start.